 Dungeon Crawl Stone Soup version 0.20-a0-839-gdaf5c57 (webtiles) character file.

135 Amciq the Shield-Bearer (level 5, 0/42 HPs)
             Began as a Formicid Fighter on Mar 8, 2017.
             Slain by Amciq's ghost (8 damage)
             ... on level 7 of the Dungeon.
             The game lasted 00:07:31 (2433 turns).

Amciq the Shield-Bearer (Formicid Fighter)          Turns: 2433, Time: 00:07:32

Health: 0/42       AC:  7    Str: 27    XL:     5   Next: 42%
Magic:  5/5        EV:  8    Int:  7    God:
Gold:   137        SH: 10    Dex: 10    Spells: 4/4 levels left

rFire    + . .     SeeInvis +   a - +0 flail
rCold    x . .     Gourm    .   b - +0 scale mail
rNeg     . . .     Faith    .   c - +0 shield
rPois    .         Spirit   .   (helmet unavailable)
rElec    .         Reflect  .   (no cloak)
rCorr    .         Harm     .   (no gloves)
MR       .....                  (no boots)
Stlth    ..........             (no amulet)
Regen    0.2/turn               r - ring of loudness (curse)
MPRegen  0.1/turn               m - ring of fire

@: mighty, flying
A: permanent stasis, dig shafts and tunnels, four strong arms, antennae 3
a: Dig, Shaft Self


You were on level 7 of the Dungeon.
You were hungry.

You visited 1 branch of the dungeon, and saw 5 of its levels.

You collected 137 gold pieces.

Inventory:

Hand Weapons
 a - a +0 flail (weapon)
Armour
 b - a +0 scale mail (worn)
 c - a +0 shield (worn)
Jewellery
 m - a ring of fire (left hand)
 r - a cursed ring of loudness (right hand)
Scrolls
 e - a scroll of identify
 l - 2 scrolls of magic mapping
Comestibles
 f - 2 bread rations
 h - a meat ration
 o - 3 chunks of flesh


   Skills:
 + Level 4.1 Fighting
 + Level 2.7 Maces & Flails
 + Level 4.0 Armour
 + Level 2.4 Stealth
 + Level 4.5 Shields


You had 4 spell levels left.
You didn't know any spells.

Dungeon Overview and Level Annotations

Branches:
Dungeon (4/15)
 Temple: D:4-7

Altars:
Gozag
Trog
Wu Jian

Annotations:
D:7 Amciq's ghost, novice FoFi


Innate Abilities, Weirdness & Mutations

You cannot be hasted, slowed, berserked, paralysed or teleported.
You can dig through walls and to a lower floor.
Your four strong arms can wield two-handed weapons with a shield.
You have a pair of large antennae on your head. (SInv)


Message History

You fall through a shaft for 3 floors!
The shaft crumbles and collapses.
Amciq's ghost (novice Formicid Fighter) comes into view.
Amciq's ghost turns its malevolent gaze towards you.
Found a robe.
Amciq's ghost is nearby!
It was a potion of heal wounds.
You feel much better.
It was a potion of flight.
You feel very buoyant.
You fly up into the air.
You feel very mighty all of a sudden.
You completely miss Amciq's ghost. Amciq's ghost barely misses you.
You hit Amciq's ghost.
Amciq's ghost is lightly damaged.
Amciq's ghost hits you! x2
* * * LOW HITPOINT WARNING * * *
Your shield and scale mail prevent you from hitting Amciq's ghost.
Amciq's ghost is lightly damaged.
Amciq's ghost hits you!
You die...

# ...##########
##..........###
#......@W..[...
..##########...


You could see Amciq's ghost.

Vanquished Creatures
  4 adders
  3 oozes
  2 worms (D:2)
  2 dart slugs
  3 leopard geckos
  5 orcs
  A ball python (D:2)
  7 giant cockroaches
  8 goblins
  8 hobgoblins
  7 kobolds
  A quokka (D:3)
  6 bats
  5 frilled lizards
  6 rats
68 creatures vanquished.

Notes
Turn   | Place    | Note
-------+----------+-------------------------------------------
     0 | D:1      | Amciq the Formicid Fighter began the quest for the Orb.
     0 | D:1      | Reached XP level 1. HP: 18/18 MP: 1/1
    81 | D:1      | Reached XP level 2. HP: 13/24 MP: 2/2
   415 | D:1      | Reached XP level 3. HP: 20/29 MP: 3/3
   873 | D:2      | Found a bloodstained altar of Trog.
   913 | D:2      | Reached skill level 1 in Stealth
   913 | D:2      | Reached XP level 4. HP: 15/37 MP: 4/4
  1139 | D:2      | Found an opulent altar of Gozag.
  1803 | D:3      | Reached XP level 5. HP: 23/42 MP: 5/5
  2402 | D:4      | Found an ornate altar of the Wu Jian Council.
  2424 | D:4      | You fall through a shaft for 3 floors!
  2424 | D:7      | Noticed Amciq's ghost (novice FoFi)
  2433 | D:7      | Slain by Amciq's ghost

Vault maps used:
D:1:      evilmike_arrival_plus
D:2:      lemuel_round_altar, nicolae_overflow_crystal_walls
D:3:      grunt_ministairs_15, hangedman_decor_opposing
D:4:      overflow_temple_1_default, old_standard_altar, minitemple,
          eat_drink_and_be_merry_uskayaw, st_stairs_6
D:7:      serial_shops, nicolae_shop_statue_plus, nemelex_dance_club_becter

Skill      XL: |  1  2  3  4  5 |
---------------+----------------+-----
Shields        | 4 |  4.5
Stealth        | 1 2 |  2.4
Fighting       | 4 |  4.1
Armour         | 4 |  4.0
Maces & Flails | |  2.7

Action                   |  1- 3 |  4- 6 || total
-------------------------+-------+-------++-------
Melee: Flail             |   130 |   166 ||   296
 Abil: Shaft Self        |       |     1 ||     1
  Use: Scroll            |       |     6 ||     6
       Potion            |       |     3 ||     3
  Eat: Chunk             |       |     5 ||     5
Armor: Scale mail        |    61 |    67 ||   128
Dodge: Dodged            |    67 |    56 ||   123
Block: Shield            |    97 |    81 ||   178
